 Dungeon Crawl Stone Soup version 0.18.1-6-gd335043 (webtiles) character file.

140 Kenran the Slasher (level 5, -1/41 HPs)
             Began as a Demonspawn Fighter on May 16, 2016.
             Was an Initiate of Gozag.
             Slain by Natasha (2 damage)
             ... on level 3 of the Dungeon.
             The game lasted 00:07:04 (3875 turns).

Kenran the Slasher (Demonspawn Fighter)             Turns: 3875, Time: 00:07:05

Health: -1/41      AC:  9    Str: 16    XL:     5   Next: 2%
Magic:  5/5        EV:  5    Int: 10    God:    Gozag
Gold:   200        SH:  8    Dex: 13    Spells: 0 memorised, 4 levels left

rFire  . . .     SeeInvis .     a - +0 long sword
rCold  . . .     Gourm    .     b - +0 scale mail
rNeg   . . .     Faith    .     c - +0 shield
rPois  .         Spirit   .     (helmet restricted)
rElec  .         Dismiss  .     (no cloak)
rCorr  .         Reflect  .     (no gloves)
SustAt .         Harm     .     (no boots)
MR     .....                    (no amulet)
Stlth  ..........               (no ring)
                                (no ring)

@: slowed, very slow, not resistant to hostile enchantments, extremely
unstealthy
A: horns 1, icy blue scales 2, demonic guardian 1
a: Potion Petition, Call Merchant, Bribe Branch, Renounce Religion


You were on level 3 of the Dungeon.
You worshipped Gozag.
Gozag was noncommittal.
You were very hungry.

You visited 1 branch of the dungeon, and saw 3 of its levels.

You collected 246 gold pieces.
You paid 46 gold pieces to Gozag.

Inventory:

Hand Weapons
 a - a +0 long sword (weapon)
 q - a cursed -1 blowgun
Missiles
 r - 8 curare-tipped needles
Armour
 b - a +0 scale mail (worn)
 c - a +0 shield (worn)
Jewellery
 h - a cursed ring of teleportation {unknown}
Scrolls
 e - a scroll of random uselessness {unknown}
 g - a scroll of blinking {unknown}
 j - 2 scrolls of identify {unknown}
 n - a scroll of noise {unknown}
 p - a scroll of recharging {unknown}
 s - a scroll of teleportation {unknown}
Potions
 d - a potion of might
 i - a potion of haste
 k - a potion of lignification {unknown}
 l - 2 potions of flight
 m - a potion of degeneration {unknown}
Comestibles
 f - 5 bread rations
 o - a meat ration


   Skills:
 - Level 3.0 Fighting
 + Level 4.7 Long Blades
 - Level 2.6 Armour
 - Level 2.6 Shields


You had 4 spell levels left.
You didn't know any spells.

Dungeon Overview and Level Annotations

Branches:
Dungeon (3/15)

Altars:
Elyvilon
Fedhas
Gozag

Annotations:
D:3 Natasha


Innate Abilities, Weirdness & Mutations

You have a pair of small horns on your head.
You are mostly covered in icy blue scales (AC +3, EV -1).
A weak demonic guardian rushes to your aid.


Message History

The shadow imp disappears in a puff of smoke!
Natasha claws you!
* * * LOW HITPOINT WARNING * * *
Natasha claws you.
* * * LOW HITPOINT WARNING * * *
You hit Natasha.
Natasha is almost dead.
Natasha stares at you and mumbles some strange words.
You feel yourself slow down.
You closely miss Natasha.
Natasha is almost dead.
Natasha barely misses you. Natasha claws you!
* * * LOW HITPOINT WARNING * * *
Your shield and scale mail prevent you from hitting Natasha.
Natasha is almost dead.
Natasha claws you.
* * * LOW HITPOINT WARNING * * *
Natasha claws you.
You die...
Your body crumbles into a pile of gold.

.# ##.###### ##.#.............#.
.## #..#....# #.#..).......)..##
..###.##....# #.................
...##.##....# ###.#.............
.#...)##....######.......#.......
####....#..##...............##...
##.#.......# #...........#...
###.##....######.#.......#>#...
#...##....# #.@h.......## ####
#...#.......###..###......
#...............## ..... ..#
...##................).... ..
...##......#....###### ...####..
..###.....##....# #. ...#.
#.....(.........# #...
##.#.#....##....# #..# #
.#....##...#### #..


You could see Natasha.

Vanquished Creatures
  A jelly (D:3)
  Terence (D:3)
  2 adders
  A worm (D:3)
  A dart slug (D:1)
  2 orcs (D:3)
  A ball python (D:2)
  3 giant cockroaches
  6 goblins
  8 hobgoblins
  2 jackals (D:1)
  9 bats
  5 giant newts
  6 kobolds
  9 rats
57 creatures vanquished.

Vanquished Creatures (collateral kills)
  Natasha (D:3)
  A giant gecko (D:3)
2 creatures vanquished.

Grand Total: 59 creatures vanquished

Notes
Turn   | Place    | Note
--------------------------------------------------------------
     0 | D:1      | Kenran the Demonspawn Fighter began the quest for the Orb.
     0 | D:1      | Reached XP level 1. HP: 18/18 MP: 1/1
   146 | D:1      | Reached skill level 2 in Long Blades
   340 | D:1      | Gained mutation: You are partially covered in icy blue scales (AC +1). [demonic ancestry]
   340 | D:1      | Reached XP level 2. HP: 20/24 MP: 2/2
  1192 | D:1      | Reached skill level 3 in Long Blades
  1724 | D:2      | Gained mutation: A weak demonic guardian rushes to your aid. [demonic ancestry]
  1724 | D:2      | Reached XP level 3. HP: 29/29 MP: 3/3
  2317 | D:2      | Found a blossoming altar of Fedhas.
  2317 | D:2      | Found a white marble altar of Elyvilon.
  2363 | D:3      | Noticed Terence
  2883 | D:3      | Found an opulent altar of Gozag.
  2892 | D:3      | Became a worshipper of Gozag Ym Sagoz the Greedy
  2958 | D:3      | Killed Terence
  2958 | D:3      | Reached skill level 4 in Long Blades
  2958 | D:3      | Gained mutation: You have a pair of small horns on your head. [demonic ancestry]
  2958 | D:3      | Reached XP level 4. HP: 31/35 MP: 4/4
  3527 | D:3      | Noticed Natasha
  3535 | D:3      | Killed Natasha
  3842 | D:3      | Noticed Natasha
  3843 | D:3      | Gained mutation: You are mostly covered in icy blue scales (AC +3, EV -1). [demonic ancestry]
  3843 | D:3      | Reached XP level 5. HP: 41/41 MP: 5/5
  3875 | D:3      | HP: 1/41 [Natasha (3)]
  3875 | D:3      | Slain by Natasha

Skill      XL: |  1  2  3 |
---------------+----------+-----
Long Blades    | 2 3 4 |  4.7
Fighting       | |  3.0
Armour         | |  2.6
Shields        | |  2.6

Action                   |  1- 3 |  4- 6 || total
-------------------------+-------+-------++-------
Melee: Long sword        |   157 |    75 ||   232
       Headbutt          |       |     9 ||     9
  Use: Potion            |     2 |       ||     2
 Stab: Distracted        |       |     1 ||     1
  Eat: Chunk             |     7 |       ||     7
       Beef jerky        |       |     1 ||     1
Armor: Scale mail        |   105 |    53 ||   158
Dodge: Dodged            |    37 |    18 ||    55
Block: Shield            |    76 |    37 ||   113
